 Dungeon Crawl Stone Soup version 0.30.1-11-g7821555f0a (webtiles) character file.

Game seed: 8917449259100831116

122696 Peloso the Peltast (level 16, -7/150 HPs)
             Began as a Minotaur Fighter on Jan 6, 2024.
             Was the Champion of Okawaru.
             Killed from afar by a naga mage (31 damage)
             ... with a bolt of poison
             ... on level 1 of the Snake Pit.
             The game lasted 01:12:40 (25839 turns).

Peloso the Peltast (Minotaur Fighter)              Turns: 25839, Time: 01:12:41

Health: -7/150     AC: 23    Str: 30    XL:     16   Next: 35%
Magic:  22/25      EV: 13    Int:  5    God:    Okawaru [******]
Gold:   2053       SH: 17    Dex: 23    Spells: 15/15 levels left

rFire   . . .        a - +9 falchion of the Tooth {drain, Will+ Str+2 Dex+3}
rCold   + . .        d - +0 kite shield
rNeg    . . .        M - +0 plate armour of Pick {Rampage *Slow Regen+ Stlth-}
rPois   x            v - +1 hat {SInv}
rElec   .            m - +0 cloak of Lesser Demons {Fly rC+ Slay+5}
rCorr   +            (no gloves)
SInv    +            T - +2 pair of boots of Sarimp {MP+9}
Will    ++...        p - amulet of Guluhu {Fly Regen+ rCorr Str+5 Dex-2} Stlth
                     j - +4 ring of slaying
HPRegen 2.05/turn    L - +6 ring of dexterity
MPRegen 0.19/turn

%: slow self (1%), rampage
@: lethally poisoned (-7 -> -28), poison vulnerable, flying, slowed, very slow
A: horns 2, retaliatory headbutt
a: Renounce Religion, Heroism, Finesse, Duel


You were on level 1 of the Snake Pit.
You worshipped Okawaru.
Okawaru was exalted by your worship.
You visited 5 branches of the dungeon, and saw 24 of its levels.
You also visited: Sewer, Gauntlet, Ice Cave and Volcano.

You collected 2218 gold pieces.
You spent 165 gold pieces at shops.

Inventory:

Hand Weapons
 a - the +9 falchion of the Tooth (weapon) {drain, Will+ Str+2 Dex+3}
   (You found it on level 5 of the Dungeon)

   Str:       It affects your strength (+2).
   Dex:       It affects your dexterity (+3).
   Will:      It increases your willpower.
 b - a +2 heavy long sword
 c - a +2 scimitar of flaming
Armour
 d - a +0 kite shield (worn)
 m - the +0 cloak of Lesser Demons (worn) {Fly rC+ Slay+5}
   (Okawaru gifted it to you on level 14 of the Dungeon)

   Slay:      It affects your accuracy & damage with ranged weapons and melee
   (+5).
   rC:        It protects you from cold.
   Fly:       It grants you flight.
 v - a +1 hat of see invisible (worn)
 M - the +0 plate armour of Pick (worn) {Rampage *Slow Regen+ Stlth-}
   (Okawaru gifted it to you on level 2 of the Orcish Mines)

   Regen:     It increases your rate of health regeneration.
   *Slow:     It may slow you when you take damage.
   Rampage:   It bestows one free step when moving towards enemies.
   Stlth:     It makes you less stealthy.
 T - the +2 pair of boots of Sarimp (worn) {MP+9}
   (You found it in a Gauntlet)

   MP:        It affects your magic capacity (+9).
Jewellery
 g - a ring of fire
 j - a +4 ring of slaying (left hand)
 p - the amulet of Guluhu (around neck) {Fly Regen+ rCorr Str+5 Dex-2}
   (You found it in a Gauntlet)

   [amulet of regeneration]

   Str:       It affects your strength (+5).
   Dex:       It affects your dexterity (-2).
   Fly:       It grants you flight.
   Regen:     It increases your rate of health regeneration.
   rCorr:     It protects you from acid and corrosion.
 u - the amulet "Panalor" {Reflect rN+ Int+3 SH+5 Stlth+}
   (You took it off a minotaur in a Gauntlet)

   [amulet of reflection]

   It reflects blocked missile attacks.
   Int:       It affects your intelligence (+3).
   rN:        It protects you from negative energy.
   SH:        It affects your SH (+5).
   Stlth:     It makes you more stealthy.
 L - a +6 ring of dexterity (right hand)
 N - a +4 ring of protection
Wands
 t - a wand of polymorph (6)
 I - a wand of digging (2)
Scrolls
 f - 16 scrolls of teleportation
 i - 2 scrolls of enchant armour
 k - 3 scrolls of enchant weapon
 o - a scroll of brand weapon
 s - 3 scrolls of blinking
 y - 6 scrolls of fear
 F - 3 scrolls of immolation
 G - 5 scrolls of identify
 K - 3 scrolls of poison
Potions
 e - 4 potions of flight
 h - a potion of magic
 l - 11 potions of curing
 n - a potion of ambrosia
 q - 7 potions of might
 r - 2 potions of mutation
 w - 5 potions of invisibility
 x - 7 potions of heal wounds
 A - 2 potions of resistance
 U - 2 potions of haste
 X - 3 potions of berserk rage


   Skills:
 + Level 15.7 Fighting
 + Level 17.3 Long Blades
 + Level 2.7 Maces & Flails
 + Level 15.6 Armour
 + Level 7.7 Dodging
 + Level 1.8 Stealth
 + Level 20.6 Shields
 + Level 1.6 Invocations
 + Level 0.8 Evocations


You had 15 spell levels left.
You didn't know any spells.
Your spell library contained the following spells:

 Spells                   Type           Power      Damage    Failure   Level
 Foxfire                  Conj/Fire      0%         2x1d4     97%         1
 Sandblast                Erth           0%         2d4       97%         1
 Ensorcelled Hibernation  Hex/Ice        0%         N/A       99%         2
 Lesser Beckoning         Tloc           0%         N/A       99%         2
 Momentum Strike          Conj/Tloc      0%         3d8       99%         2
 Passwall                 Tmut/Erth      0%         N/A       99%         2
 Sublimation of Blood     Necr           0%         N/A       99%         2
 Confusing Touch          Hex            0%         N/A       100%        3
 Frozen Ramparts          Ice            0%         1d1       100%        3
 Gell's Gravitas          Tloc           0%         N/A       100%        3
 Ozocubu's Armour         Ice            0%         N/A       100%        3
 Spider Form              Tmut/Pois      0%         N/A       100%        3
 Stone Arrow              Conj/Erth      0%         3d7       100%        3
 Teleport Other           Tloc           0%         N/A       100%        3
 Volatile Blastmotes      Fire/Tloc      0%         2d10      100%        3
 Anguish                  Hex/Necr       0%         N/A       100%        4
 Leda's Liquefaction      Hex/Erth       0%         N/A       100%        4
 Petrify                  Tmut/Erth      0%         N/A       100%        4
 Alistair's Intoxication  Tmut/Pois      0%         N/A       100%        5
 Borgnjor's Vile Clutch   Necr/Erth      0%         N/A       100%        5
 Fireball                 Conj/Fire      0%         3d3       100%        5
 Irradiate                Conj/Tmut      0%         3d11      100%        5
 Lee's Rapid Deconstruct  Erth           0%         3d4*      100%        5
 Eringya's Noxious Bog    Tmut/Pois      0%         N/A       100%        6
 Plasma Beam              Fire/Air       0%         2x1d11    100%        6
 Starburst                Conj/Fire      0%         6d3       100%        6
 Statue Form              Tmut/Erth      0%         N/A       100%        6
 Ozocubu's Refrigeration  Ice            0%         4d7       100%        7
 Summon Ice Beast         Ice/Summ       Unusable   N/A       N/A         4

Dungeon Overview and Level Annotations

Branches:
Dungeon (15/15)            Temple (1/1) D:5            Lair (5/5) D:11
  Swamp (0/4) Lair:3        Snake (1/4) Lair:3        Slime (0/5) Lair:5
    Orc (2/2) D:10            Elf (0/3) Orc:2        Vaults (0/5) D:13
 Depths (0/4) D:15          Sewer (visited)           IceCv (visited)
Volcano (visited)         Gauntlet (visited)

Altars:
Dithmenos
Gozag
Kikubaaqudgha
Nemelex Xobeh
Okawaru
Ru
Uskayaw
Jiyva

Shops:
D:9 ?(**   D:11 !   Orc:1 *   Orc:2 ?**(   Snake:1 *

Portals:
Trove: D:10 (give 5 scrolls of fog)

Annotations:
D:3 1 runed translucent door, bimbombam's ghost, amateur HOFi
D:6 1 runed translucent door, Kallu's ghost, novice DsFE
D:12 Casa
Snake:1 2 transporters, exclusion: obsidian statue


Innate Abilities, Weirdness & Mutations

You have a pair of horns on your head.
You reflexively headbutt those who attack you in melee.


Message History

The bolt of poison hits you!!
You are more poisoned.
* * * LOW HITPOINT WARNING * * *
Unknown command.
The naga mage attacks as you move away! You block the naga mage's attack.
The naga mage misses you.
You feel extremely sick. The naga mage closely misses you.
Unknown command.
You feel better.
The naga mage points at the naga and mumbles some strange words.
The naga seems to grow toxic.
The naga spits poison at you. You block the splash of poison.
The naga mage spits poison at you. You block the splash of poison.
You rampage towards the naga!
You slash the naga! You drain the naga.
The naga is heavily wounded.
The naga mage points at you and mumbles some strange words.
The bolt of poison hits the naga!
The bolt of poison hits you.
You are poisoned.
* * * LOW HITPOINT WARNING * * *
The naga hits you with a +2 heavy battleaxe!
* * * LOW HITPOINT WARNING * * *
You feel yourself slow down. You block the naga's attack.
You slash the naga!
You kill the naga!
Okawaru accepts your kill.
You feel very sick. The naga mage barely misses you.
Unknown command.
You feel very sick.
The naga mage gestures at something while chanting.
You rampage towards the naga mage!
You slash the naga mage!
The naga mage is heavily wounded.
You feel very sick. The naga mage casts a spell at you.
The bolt of poison hits you!!
You are more poisoned.
You die...

#...##..#..$$$#....######...##...
........##.8∩##...## #..####..##
.........#####....## #.####.####
.........# #.......####.....#####
.........# #..>............####..
.........###.......###......#...#
..........##...N#)## ##........##
.........#.#####N######......###
.........##.####@#...##.....#..##
.........##..##......###...####.#
#........###........####.######..
.........# ##......####.## #.....
.###....#####.....####...###.....
####.#..###......###......##.....
..##..####................##.....
....#.## ##..##.##........###....
##.###.# #####.###.......# ##...


You could see a naga mage (fast) and a naga (curare).

Vanquished Creatures
  Rupert (D:14)
  Kirke (D:14)
  The ghost of Kicir the Blocker, an adept GnFi of Okawaru (Snake:1)
  A frost giant (IceCv)
  A stone giant (D:15)
  Azrael (D:14)
  A minotaur (Gauntlet)
  2 dire elephants (Lair:2)
  An ettin (Orc:2)
  Snorg (Lair:4)
  An entropy weaver (Gauntlet)
  2 fire dragons
  5 hydras
  A vault guard (D:13)
  2 catoblepae
  4 anacondas
  7 centaur warriors
  An ogre mage (D:15)
  Erica (D:8)
  A naga warrior (Snake:1)
  10 two-headed ogres
  17 death yaks
  3 tengu warriors
  A deep troll shaman (Lair:5)
  A hell hog (Volcano)
  5 orc high priests (Orc:2)
  2 naga sharpshooters (Snake:1)
  5 skeletal warriors (D:14)
  2 skysharks (Lair:5)
  A naga ritualist (Snake:1)
  Pikel (D:7)
  8 orc knights
  4 deep elf pyromancers
  A mana viper (Snake:1)
  A salamander (Snake:1)
  2 lindwurms (Lair:5)
  4 orc sorcerers
  6 ugly things
  2 cyclopes
  3 manticores
  A wolf spider (Gauntlet)
  A guardian serpent (Snake:1)
  15 elephants
  3 naga magi (Snake:1)
  An ice statue (IceCv)
  8 black mambas
  9 cane toads
  2 torpor snails
  An unseen horror (D:13)
  An efreet (D:14)
  6 rime drakes (IceCv)
  11 komodo dragons
  10 polar bears
  3 meliai (Gauntlet)
  5 trolls
  A meliai (shapeshifter) (D:15)
  14 blink frogs
  Grinder (D:3)
  2 slime creatures (D:8)
  2 shadows
  6 wyverns
  3 wraiths
  71 yaks
  4 fire elementals (D:14)
  7 fire bats (Volcano)
  7 hogs
  A steam dragon (Volcano)
  7 basilisks
  A redback (Gauntlet)
  13 vampire mosquitoes
  2 swamp worms (Gauntlet)
  3 wargs
  11 nagas
  An acid dragon (D:12)
  2 hell hounds (Volcano)
  18 water moccasins
  28 orc warriors
  5 black bears
  10 ogres
  3 boggarts (D:14)
  17 centaurs
  3 lemures (D:7)
  23 wolves
  5 kobold brigands
  14 bullfrogs
  7 scorpions
  3 gnoll sergeants
  11 wights
  12 killer bees
  A vampire bat (Lair:1)
  4 howler monkeys
  5 electric eels (Lair:2)
  9 jellies
  7 lava snakes (Volcano)
  46 orc priests
  A gnoll bouda (D:8)
  6 hounds
  Jessica (D:3)
  3 iguanas
  A sleepcap (D:6)
  23 orc wizards
  A hell rat (Lair:2)
  7 adders
  15 gnolls
  2 river rats
  3 shadow imps
  3 white imps
  An ufetubus (D:5)
  7 worms
  2 dart slugs (D:1)
  72 orcs
  11 endoplasms
  2 giant cockroaches
  6 goblins
  8 hobgoblins
  5 jackals
  34 kobolds
  5 quokkas
  7 ball pythons
  13 bats
  3 frilled lizards
  8 rats
  A butterfly (Lair:4)
833 creatures vanquished.

Vanquished Creatures (others)
  A boggart (D:14)
  An orc (Orc:2)
  A butterfly (Lair:2)
3 creatures vanquished.

Grand Total: 836 creatures vanquished

Notes
Turn   | Place    | Note
-------+----------+-------------------------------------------
     0 | D:1      | Peloso the Minotaur Fighter began the quest for the Orb.
     0 | D:1      | Reached XP level 1. HP: 19/19 MP: 0/0
    34 | D:1      | Reached XP level 2. HP: 23/27 MP: 1/1
   161 | D:1      | Reached skill level 4 in Shields
   307 | D:1      | Reached XP level 3. HP: 33/33 MP: 2/2
   331 | D:1      | You fall into a shaft and drop 1 floor!
   674 | D:2      | Reached skill level 1 in Dodging
  1201 | D:1      | Found a faded altar of an unknown god.
  1390 | D:3      | Noticed Jessica
  1394 | D:3      | Killed Jessica
  1395 | D:3      | Reached XP level 4. HP: 24/40 MP: 3/3
  1549 | D:3      | Reached skill level 5 in Armour
  1549 | D:3      | Reached XP level 5. HP: 14/46 MP: 4/4
  1684 | D:3      | Found a runed translucent door.
  1687 | D:3      | Noticed bimbombam's ghost (amateur HOFi)
  1871 | D:3      | Noticed Grinder
  1873 | D:3      | Paralysed by Grinder for 5 turns
  1885 | D:3      | Killed Grinder
  1886 | D:3      | Reached skill level 5 in Long Blades
  1886 | D:3      | Reached XP level 6. HP: 36/53 MP: 5/5
  2734 | D:4      | Found a glowing drain.
  2738 | Sewer    | Entered a sewer
  2797 | Sewer    | Reached XP level 7. HP: 60/60 MP: 6/6
  3270 | D:3      | Reached skill level 5 in Shields
  3528 | D:4      | Found a sparkling altar of Nemelex Xobeh.
  3853 | D:5      | Entered Level 5 of the Dungeon
  3856 | D:5      | Found a staircase to the Ecumenical Temple.
  3871 | Temple   | Entered the Ecumenical Temple
  3908 | Temple   | Became a worshipper of Warmaster Okawaru
  4141 | D:5      | Reached skill level 5 in Fighting
  4141 | D:5      | Reached XP level 8. HP: 64/68 MP: 7/7
  4332 | D:5      | Identified the +9 falchion of the Tooth {drain, Will+ Str+2
                  | Dex+3}
  4369 | D:5      | Reached * piety under Okawaru
  4789 | D:6      | Reached skill level 6 in Shields
  4897 | D:6      | Found the +7 staff of the Meek {protect, meekguard}
  5023 | D:6      | Reached skill level 10 in Long Blades
  5128 | D:6      | Reached XP level 9. HP: 75/75 MP: 8/8
  5295 | D:6      | Found a runed translucent door.
  5296 | D:6      | Noticed Kallu's ghost (novice DsFE)
  5587 | D:7      | Reached ** piety under Okawaru
  6148 | D:7      | Noticed Pikel
  6164 | D:7      | Killed Pikel
  6665 | D:8      | Reached *** piety under Okawaru
  6666 | D:8      | Reached skill level 7 in Shields
  6998 | D:8      | Reached XP level 10. HP: 77/86 MP: 9/9
  7218 | D:8      | Noticed a four-headed hydra
  7240 | D:8      | HP: 4/86 [four-headed hydra (9)]
  7243 | D:8      | Killed a four-headed hydra
  7243 | D:8      | Reached **** piety under Okawaru
  7244 | D:8      | Reached skill level 1 in Maces & Flails
  7244 | D:8      | Reached skill level 8 in Shields
  7374 | D:8      | Noticed a centaur warrior
  7388 | D:8      | Killed a centaur warrior
  7426 | D:8      | Noticed Erica
  7446 | D:8      | Killed Erica
  7449 | D:8      | Reached skill level 10 in Armour
  7449 | D:8      | Reached ***** piety under Okawaru
  7481 | D:8      | Reached skill level 9 in Shields
  7912 | D:8      | Reached skill level 1 in Stealth
  8343 | D:9      | Found Qibuvekh's Weapon Shop.
  8353 | D:9      | Found Womo's General Store.
  8360 | D:9      | Reached XP level 11. HP: 88/94 MP: 10/10
  8381 | D:9      | Received a gift from Okawaru
  8411 | D:9      | Found Gecuytat's Magic Scroll Shop.
  8411 | D:9      | Noticed a two-headed ogre
  8416 | D:9      | Killed a two-headed ogre
  8656 | D:9      | Got the Exposition on Elsewhere and Hail
  8874 | D:9      | Found Sugergh's Assorted Antiques.
  8884 | D:9      | Reached skill level 10 in Shields
  8917 | D:9      | Bought a sedimented black potion for 25 gold pieces
  8917 | D:9      | Bought a viscous pink potion for 25 gold pieces
  9056 | D:10     | Entered Level 10 of the Dungeon
  9067 | D:10     | Received a gift from Okawaru
  9223 | D:10     | Found a portal to a secret trove of treasure.
  9555 | D:10     | Found a staircase to the Orcish Mines.
  9773 | D:11     | Found Zukusane's Distillery.
  9790 | D:11     | Found a gate leading to a gauntlet.
  9799 | Gauntlet | Entered a Gauntlet
  9799 | Gauntlet | Found a transporter.
  9799 | Gauntlet | Found a transporter.
  9804 | Gauntlet | Found a transporter.
  9820 | Gauntlet | Found a transporter.
  9825 | Gauntlet | Noticed a wizard
  9838 | Gauntlet | Found a transporter.
  9852 | Gauntlet | Found a transporter.
  9865 | Gauntlet | Noticed an entropy weaver
  9878 | Gauntlet | Noticed a wolf spider
  9948 | Gauntlet | Found a transporter.
  9953 | Gauntlet | Noticed a wizard
  9975 | Gauntlet | Found a transporter.
  9981 | Gauntlet | Found a transporter.
  9985 | Gauntlet | Found a transporter.
  9985 | Gauntlet | Found a transporter.
 10005 | Gauntlet | Noticed a thrashing horror
 10032 | Gauntlet | Found a transporter.
 10051 | Gauntlet | Found a transporter.
 10062 | Gauntlet | Found a transporter.
 10064 | Gauntlet | Noticed an orange crystal statue
 10109 | Gauntlet | Found a transporter.
 10111 | Gauntlet | Noticed a wretched star
 10133 | Gauntlet | Found a transporter.
 10559 | Gauntlet | Identified the +1 hat "Kannim" {-Tele rN+ Str+7}
 10601 | Gauntlet | Killed a wolf spider
 10605 | Gauntlet | Killed an entropy weaver
 10615 | Gauntlet | Identified the amulet of Guluhu {Fly Regen+ rCorr Str+5
                  | Dex-2}
 11018 | Gauntlet | Identified the amulet "Panalor" {Reflect rN+ Int+3 SH+5
                  | Stlth+}
 11018 | Gauntlet | Noticed a minotaur
 11036 | Gauntlet | Killed a minotaur
 11037 | Gauntlet | Reached skill level 11 in Shields
 11058 | Gauntlet | Identified the +2 pair of boots of Sarimp {MP+9}
 11162 | D:11     | Bought a potion of might for 44 gold pieces
 11162 | D:11     | Bought a potion of degeneration for 11 gold pieces
 11288 | D:11     | Noticed a two-headed ogre
 11295 | D:11     | Killed a two-headed ogre
 11480 | D:11     | Reached XP level 12. HP: 104/104 MP: 11/11
 11553 | D:11     | Noticed a catoblepas
 11553 | D:11     | Noticed a centaur warrior
 11579 | D:11     | Killed a centaur warrior
 11600 | D:11     | Killed a catoblepas
 11601 | D:11     | Reached skill level 5 in Dodging
 11601 | D:11     | Reached skill level 1 in Invocations
 11730 | D:11     | Found a staircase to the Lair.
 11738 | Lair:1   | Entered Level 1 of the Lair of Beasts
 12007 | Lair:1   | Reached skill level 12 in Shields
 12121 | Lair:1   | Received a gift from Okawaru
 12636 | Lair:2   | Reached skill level 10 in Fighting
 12652 | Lair:2   | You are sucked into a shaft and drop 1 floor!
 12682 | Lair:3   | Found a staircase to the Swamp.
 12726 | Lair:2   | Found a frozen archway.
 12735 | IceCv    | Entered an ice cave
 12792 | IceCv    | Noticed a death yak
 12801 | IceCv    | Killed a death yak
 12801 | IceCv    | Noticed a death yak
 12802 | IceCv    | Reached skill level 13 in Shields
 12810 | IceCv    | Killed a death yak
 12866 | IceCv    | Noticed a death yak
 12879 | IceCv    | Killed a death yak
 12934 | IceCv    | Noticed a death yak
 12934 | IceCv    | Noticed a frost giant
 12947 | IceCv    | Killed a frost giant
 12947 | IceCv    | Reached ****** piety under Okawaru
 12962 | IceCv    | Killed a death yak
 12962 | IceCv    | Received a gift from Okawaru
 12969 | IceCv    | Reached XP level 13. HP: 114/114 MP: 12/12
 13017 | IceCv    | Reached skill level 14 in Shields
 13724 | Lair:2   | Reached skill level 15 in Long Blades
 13881 | Lair:2   | Noticed a dire elephant
 13940 | Lair:2   | Killed a dire elephant
 14074 | Lair:2   | Noticed a dire elephant
 14083 | Lair:2   | Reached skill level 15 in Shields
 14111 | Lair:2   | Killed a dire elephant
 14140 | Lair:2   | Identified the +10 flail of Cuoteti {drain, Fly rElec rF-
                  | Dex+7}
 14349 | Lair:3   | Received a gift from Okawaru
 14389 | Lair:3   | Received a gift from Okawaru
 14777 | Lair:3   | Found a staircase to the Snake Pit.
 15460 | D:12     | Identified the +1 robe of the Trombone {rPois rCorr}
 15486 | D:12     | Reached XP level 14. HP: 126/126 MP: 14/14
 15624 | D:12     | Reached skill level 16 in Shields
 16156 | Orc:1    | Entered Level 1 of the Orcish Mines
 16211 | Orc:1    | Found Kiekk's Assorted Antiques.
 16235 | Orc:1    | Bought a scroll of identify for 60 gold pieces
 16506 | Orc:2    | Entered Level 2 of the Orcish Mines
 16841 | Orc:2    | Identified the +0 plate armour of Pick {Rampage *Slow
                  | Regen+ Stlth-} (Okawaru gifted it to you on level 2 of the
                  | Orcish Mines)
 16841 | Orc:2    | Received a gift from Okawaru
 17129 | Orc:2    | Reached skill level 17 in Shields
 17268 | Orc:2    | Found Qihepuru's General Store.
 17271 | Orc:2    | Found Dujoamn's General Store.
 17272 | Orc:2    | Found Jeeseon's Antique Weapon Boutique.
 17273 | Orc:2    | Found Vuuloa's Magic Scroll Boutique.
 17511 | Orc:2    | Found a staircase to the Elven Halls.
 18484 | D:13     | Found a gate to the Vaults.
 19071 | Lair:4   | Noticed Snorg
 19082 | Lair:4   | Killed Snorg
 19132 | Lair:4   | Received a gift from Okawaru
 19174 | Lair:3   | Reached skill level 18 in Shields
 19174 | Lair:3   | Reached XP level 15. HP: 137/137 MP: 15/15
 19649 | Lair:5   | Entered Level 5 of the Lair of Beasts
 19943 | Lair:5   | Found a dark tunnel.
 19960 | Volcano  | Entered a volcano
 20079 | Volcano  | Reached skill level 15 in Armour
 20204 | Volcano  | Found a burning altar of Makhleb.
 20366 | Lair:5   | Found a staircase to the Slime Pits.
 20380 | Lair:5   | Reached skill level 19 in Shields
 20380 | Lair:5   | Found a viscous altar of Jiyva.
 20421 | Lair:5   | Identified the +0 robe of Perfidy {Int+2} (Okawaru gifted
                  | it to you on level 5 of the Lair of Beasts)
 20421 | Lair:5   | Received a gift from Okawaru
 20810 | Lair:5   | Identified the +10 rapier of Yffy {spect, rCorr Dex+5}
 22069 | D:14     | Noticed Rupert
 22087 | D:14     | Killed Rupert
 22235 | D:14     | Noticed Azrael
 22250 | D:14     | Killed Azrael
 22555 | D:15     | Entered Level 15 of the Dungeon
 22589 | D:15     | Reached skill level 15 in Fighting
 22632 | D:15     | Noticed Kirke
 22642 | D:14     | Identified the +0 cloak of Lesser Demons {Fly rC+ Slay+5}
                  | (Okawaru gifted it to you on level 14 of the Dungeon)
 22642 | D:14     | Received a gift from Okawaru
 22703 | D:14     | Noticed a sphinx
 22847 | D:14     | Reached XP level 16. HP: 149/149 MP: 16/16
 22961 | D:15     | Reached skill level 20 in Shields
 23114 | D:15     | Found a staircase to the Depths.
 23241 | D:15     | Found a hide-covered altar of Uskayaw.
 23634 | D:14     | Killed Kirke
 24280 | D:14     | Got the Lectures on Hyperbolic Execration
 24784 | Snake:1  | Entered Level 1 of the Snake Pit
 24854 | Snake:1  | Found a transporter.
 24980 | Snake:1  | Found a runed translucent gate.
 24980 | Snake:1  | Found a runed translucent gate.
 24980 | Snake:1  | Found a runed translucent gate.
 25105 | Snake:1  | Identified the +10 hand axe "Zaegepn" {heavy, Stlth+}
 25271 | Snake:1  | Found a transporter.
 25460 | Snake:1  | Found an opulent altar of Gozag.
 25466 | Snake:1  | Found Ylan's Assorted Antiques.
 25466 | Snake:1  | Noticed Kicir's ghost (adept GnFi)
 25824 | Snake:1  | Killed Kicir's ghost
 25839 | Snake:1  | Killed from afar by a naga mage

Illustrated notes

Levels and vault maps discovered:
D:1:      dpeg_arrival_lava_temple_mockup, layout_rooms,
          dreamdust_ecumenical_altar_angels_and_demons, minmay_octomino_c4
D:2:      layout_rooms
D:3:      layout_basic, gammafunk_ghost_grave, uniq_grinder, uniq_jessica
D:4:      layout_rooms, old_standard_altar, gup_sewer_entry_bowl
D:5:      layout_loops_ring, minmay_temple_entry_slanted, chequers_garden
D:6:      layout_loops_ring, gammafunk_ghost_grave
D:7:      layout_cave_pods, uniq_pikel
D:8:      minmay_the_grid_four_pointed_star
          [minmay_the_grid_triangle_9x9_pentomino_pain,
          minmay_the_grid_triangle_9x9_limited_checkers,
          minmay_the_grid_triangle_9x9_corrupted_corridor,
          minmay_the_grid_triangle_9x9_sparse_checkered,
          minmay_the_grid_prize_big_room], layout_basic, uniq_erica
D:9:      layout_loops_cross, serial_shops, shop, shop, nicolae_shop_tiny_glass,
          nicolae_shop_tiny_waterfront
D:10:     layout_irregular_city, orc_0_dummy, nicolae_trove_entry_crossroad
D:11:     kennysheep_big_flooded_room, layout_irregular_city, lair_entry_dummy,
          serial_shops, nicolae_shop_industrial_runoff, gauntlet_entry_generic
D:12:     layout_long_grid, st_stairs_3
D:13:     layout_basic, david_vaults_5
D:14:     nicolae_BIG_FREAKIN_CUBE, layout_grid_maze, corexii_corridor_pit,
          minmay_misc_feat_room, uniq_rupert, uniq_azrael
D:15:     grunt_enter_depths_snipers, layout_cave_pools,
          nicolae_uskayaw_en_pointe, uniq_kirke
Temple:   mainiacjoe_temple_hex_bubbles
Lair:1:   layout_regular_city, roderic_batcave, minivault_11,
          chequers_serial_rivers_micro_e, nicolae_quartered_pool_impasse, pond
Lair:2:   layout_misc_corridors, portal_ice_cave_entry_pillars_2,
          nicolae_lair_lakeside_cave, grunt_megastairs_1, serial_bayou_shore_b,
          lemuel_fruit_fields, serial_bayou_shore_a
Lair:3:   layout_regular_city, swamp_mist, minmay_snake_entry_guardpost_medium
Lair:4:   layout_roguey, grunt_megastairs_3, lemuel_fruit_fields,
          serial_bayou_shore_b, lemuel_fruit_fields, uniq_snorg
Lair:5:   grunt_lair_end_beastmaster, layout_loops_ring,
          nicolae_slime_entry_slimehenge, serial_forest,
          infiniplex_forest_end_2, infiniplex_forest_zigzag_1,
          infiniplex_forest_clump_diagonal, infiniplex_forest_lined_2,
          infiniplex_forest_split, infiniplex_forest_lined_room_2,
          infiniplex_forest_lined_room_3, lightli_volcano_entry_magma_tube,
          hangedman_lair_unloving_vines
Snake:1:  gammafunk_its_a_trap, layout_chambers, ebering_ghost_gozag
Orc:1:    layout_diamond_mine, serial_shops, shop_fountains
Orc:2:    st_orc_pillars, layout_caves

Skill      XL: |  1  2  3  4  5  6  7  8  9 10 11 12 13 14 15 16 |
---------------+-------------------------------------------------+-----
Shields        | 4 5 6 7 9 11 13 15 18 19 20 | 20.6
Armour         | 4 5 6 7 8 10 12 13 14 15 | 15.6
Dodging        | 1 3 4 5 6 7 |  7.7
Long Blades    | 3 5 6 8 10 12 13 14 15 16 17 | 17.3
Fighting       | 4 5 7 9 10 12 13 15 | 15.7
Maces & Flails | 2 |  2.7
Stealth        | 1 |  1.8
Invocations    | 1 |  1.6
Evocations     | |  0.8

Action                     |  1- 3 |  4- 6 |  7- 9 | 10-12 | 13-15 | 16-18 || total
---------------------------+-------+-------+-------+-------+-------+-------++-------
  Melee: Long sword        |    81 |   142 |   156 |       |       |       ||   379
         Headbutt          |     6 |    27 |    59 |   134 |   454 |    44 ||   724
         Falchion          |       |       |   200 |   544 |  1586 |   159 ||  2489
         Whip              |       |       |       |     8 |       |       ||     8
         Scimitar          |       |       |       |       |    22 |       ||    22
 Invoke: Heroism           |       |       |       |     7 |     5 |     1 ||    13
  Evoke: Wand              |       |       |       |       |       |    13 ||    13
    Use: Potion            |     5 |       |     5 |     5 |       |     1 ||    16
         Scroll            |     3 |       |     6 |     8 |     5 |       ||    22
   Stab: Distracted        |       |       |       |     1 |       |       ||     1
 Armour: Scale mail        |    66 |    10 |       |       |       |       ||    76
         Chain mail        |       |    44 |   115 |   139 |   206 |       ||   504
         Plate armour      |       |       |       |    54 |   266 |    43 ||   363
  Dodge: Dodged            |    79 |    60 |   178 |   204 |   514 |    60 ||  1095
  Block: Buckler           |    40 |    31 |    75 |       |       |       ||   146
         Kite shield       |       |       |    30 |   404 |  1152 |   134 ||  1720
